 Dungeon Crawl Stone Soup version 0.27-a0-1347-gd8886f0a89 (webtiles) character file.

Game seed: 10968346912996784303

7100 Brandom the Zephyrmancer (level 11, -3/69 HPs)
             Began as a Tengu Air Elementalist on June 27, 2021.
             Was a High Priest of Fedhas.
             Slain by an orc (6 damage)
             ... on level 1 of the Orcish Mines.
             The game lasted 01:03:17 (14874 turns).

Brandom the Zephyrmancer (Tengu Air Elementalist)  Turns: 14874, Time: 01:03:18

Health: -3/69      AC:  5    Str:  5    XL:     11   Next: 10%
Magic:  20/20      EV: 16    Int: 18    God:    Fedhas [*****.]
Gold:   511        SH:  0    Dex: 18    Spells: 3/21 levels left

rFire    + + +     SeeInvis .   B - +10 falchion of Okawaru's Indignation {venom, rF+++ rN++ Str-4 Dex+3}
rCold    . . .     Faith    .   (no shield)
rNeg     + + .     Spirit   .   u - +2 leather armour {rF+}
rPois    +         Reflect  .   (helmet restricted)
rElec    .         Harm     .   (no cloak)
rCorr    .         Rampage  .   (no gloves)
Will     .....                  (boots unavailable)
Stlth    ++........             (no amulet)
HPRegen  0.21/turn              s - ring of poison resistance
MPRegen  0.17/turn              (no ring)

@: flying quickly and evasively, quick
A: beak, talons 3, nimble flight
a: Renounce Religion, Wall of Briars, Grow Ballistomycete, Overgrow, Grow Oklob


You were on level 1 of the Orcish Mines.
You worshipped Fedhas.
Fedhas was extremely pleased with you.
You visited 2 branches of the dungeon, and saw 10 of its levels.

You collected 511 gold pieces.

Inventory:

Hand Weapons
 y - a +0 glaive
   (You took it off an orc warrior on level 8 of the Dungeon)
 B - the +10 falchion of Okawaru's Indignation (weapon) {venom, rF+++ rN++ Str-4 Dex+3}
   (You took it off an orc priest on level 9 of the Dungeon)

   It poisons the flesh of those it strikes.
   Str:       It affects your strength (-4).
   Dex:       It affects your dexterity (+3).
   rF:        It renders you almost immune to fire.
   rN:        It greatly protects you from negative energy.
Missiles
 r - 3 throwing nets {!f}
Armour
 a - a +0 robe
 i - the -5 cloak of Vegationi {rC+ Will+ Int+3}
   (You found it on level 9 of the Dungeon)

   Int:       It affects your intelligence (+3).
   rC:        It protects you from cold.
   Will:      It increases your willpower.
 u - a +2 leather armour of fire resistance (worn)
   (You found it on level 7 of the Dungeon)
 w - a +2 robe of fire resistance
   (You took it off an orc wizard on level 8 of the Dungeon)
 A - a +0 buckler
   (You found it on level 9 of the Dungeon)
Jewellery
 c - an amulet of guardian spirit
   (You found it on level 1 of the Dungeon)
 s - a ring of poison resistance (left hand)
   (You found it on level 6 of the Dungeon)
Wands
 x - a wand of acid (4)
   (You found it on level 8 of the Dungeon)
Scrolls
 b - a scroll of immolation {!r}
 d - 3 scrolls of amnesia {unknown}
 f - 2 scrolls of magic mapping {unknown}
 g - 2 scrolls of teleportation {@r4}
 l - a scroll of enchant armour
 n - 2 scrolls of noise {!r}
 p - 3 scrolls of enchant weapon {unknown}
 q - a scroll of holy word {unknown}
 t - 2 scrolls of summoning {unknown}
 v - a scroll of identify {@r1}
Potions
 e - a potion of brilliance
 h - a potion of mutation {unknown}
 j - a potion of heal wounds {@q2}
 k - 4 potions of curing {@q1}
 m - a potion of haste {@q3}
 o - 2 potions of attraction {unknown}
 z - a potion of invisibility {unknown}


   Skills:
 * Level 8.7 Fighting
 - Level 5.0 Dodging
 - Level 2.0 Stealth
 + Level 5.8 Spellcasting
 + Level 8.2 Conjurations
 + Level 1.8 Translocations
 - Level 4.6 Fire Magic
 + Level 9.2 Air Magic
 - Level 3.0 Poison Magic
 + Level 5.1 Invocations


You had 3 spell levels left.
You knew the following spells:

 Your Spells              Type           Power      Damage    Failure   Level
a - Shock                 Conj/Air       100%       1d9       1%          1
b - Static Discharge      Conj/Air       36%        N/A       1%          2
c - Airstrike             Air            19%        N/A       4%          4
d - Conjure Flame         Conj/Fire      28%        6-21      4%          3
e - Mephitic Cloud        Conj/Pois/Air  29%        N/A       3%          3
f - Blink                 Tloc           N/A        N/A       14%         2
s - Swiftness             Air            38%        N/A       1%          3

Your spell library contained the following spells:

 Spells                   Type           Power      Damage    Failure   Level
 Magic Dart               Conj           100%       1d8       1%          1
 Summon Small Mammal      Summ           20%        N/A       21%         1
 Call Imp                 Summ           5%         N/A       30%         2
 Slow                     Hex            5%         N/A       30%         2
 Call Canine Familiar     Summ           5%         N/A       52%         3
 Summon Guardian Golem    Hex/Summ       5%         N/A       52%         3
 Lightning Bolt           Conj/Air       18%        1d32      16%         5
 Summon Lightning Spire   Summ/Air       21%        N/A       30%         4
 Summon Ice Beast         Ice/Summ       5%         N/A       90%         4


Dungeon Overview and Level Annotations

Branches:
Dungeon (9/15)             Temple (0/1) D:4             Orc (1/2) D:9
   Lair: D:8-11

Altars:
Ashenzari
Cheibriados
Dithmenos
Elyvilon
Fedhas
Hepliaklqana
Ru
Trog
Uskayaw
Vehumet
Wu Jian
Xom
Yredelemnul
Zin


Innate Abilities, Weirdness & Mutations

You have a beak for a mouth.
You have claws for feet.
Your magical nature lets you fly swiftly and evasively.


Message History

You hear a sizzling splash. x2
Aim: an orc warrior, wielding a +0 flail and wearing a +0 chain mail (noxious fumes, moderately wounded, confused, 91% to hit)
The zap hits the orc warrior!
The orc warrior is engulfed in noxious fumes.
The orc warrior appears confused.
The orc is engulfed in noxious fumes.
The orc appears confused.
The orc hits the orc warrior but does no damage.
The orc warrior is engulfed in noxious fumes.
The orc warrior appears confused.
The orc warrior laughs at nothing.
The orc is engulfed in noxious fumes.
The orc falls into the lava!
The orc is incinerated.
Fedhas appreciates your contribution to the ecosystem.
You hear a sizzling splash. x2
The orc warrior is engulfed in noxious fumes.
The orc warrior appears confused.
The orc warrior falls into the lava!
The orc warrior is incinerated.
Fedhas appreciates your contribution to the ecosystem.
You hear a sizzling splash. x2
You start resting.
There is a staircase to the Orcish Mines here.
Things that are here:
a +0 robe; a +0 dagger You fly downwards.
Welcome back to the Orcish Mines!
The orc warrior hits you with a +0 flail!
The warg misses you. The orc misses you.
The orc priest calls down the wrath of Beogh upon you.
Beogh smites you!
An orc comes into view. It is wielding a +0 whip.
The orc warrior closely misses you. The warg bites you!
The orc completely misses you.
The orc hits you with a +1 vorpal flail.
* * * LOW HITPOINT WARNING * * *
* * * LOW HITPOINT WARNING * * *
There is a staircase back to the Dungeon, spattered with blood here.
The orc wizard points at you and mumbles some strange words.
The puff of flame hits you. You resist.
* * * LOW HITPOINT WARNING * * *
The orc wizard casts a spell.
The orc wizard flickers and vanishes!
Deactivating autopickup; reactivate with Ctrl-A.
The orc barely misses you. The warg bites you!
* * * LOW HITPOINT WARNING * * *
The orc priest hits you with a +0 club.
* * * LOW HITPOINT WARNING * * *
The orc warrior hits you with a +0 flail!
* * * LOW HITPOINT WARNING * * *
The orc hits you with a +1 vorpal flail.
You die...
Fedhas appreciates your contribution to the ecosystem.

###.....
##......
#.......
#.....o
###...o.##
.#.....o..##
......ooh).#
#..oo@oo#
##.o.ooo.#
.....h..oo..o..
####.####o...$.


.oo ..{... ... ...... #.. ..... ... ..... You could see 2 wargs, 4 orc warriors,
3 orc priests, 3 orc wizards and 9 orcs.

Vanquished Creatures
  A kobold demonologist (D:9)
  A hornet (D:9)
  14 yaks (D:8)
  A vampire (D:9)
  2 wyverns
  A water moccasin (D:8)
  8 orc warriors
  2 ice beasts
  3 sky beasts
  3 necrophages (D:6)
  An ogre (D:5)
  2 centaurs
  2 phantoms
  A kobold brigand (D:9)
  3 bullfrogs
  Blork the orc (D:6)
  2 scorpions
  A wyvern zombie (D:9)
  3 killer bees
  A water moccasin skeleton (D:4)
  A howler monkey (D:8)
  A bullfrog zombie (D:7)
  4 centaur zombies
  3 hounds
  A jelly (D:7)
  2 bullfrog skeletons
  2 gnoll shamans
  5 orc priests
  An iron imp (D:7)
  2 iguanas
  13 orc wizards
  A hound skeleton (D:5)
  12 gnolls
  11 adders
  A shadow imp (D:7)
  2 white imps
  An ufetubus (D:4)
  An adder skeleton (D:4)
  2 worms
  2 dart slugs
  34 orcs
  9 ball pythons
  7 endoplasms
  3 giant cockroaches
  3 goblins (D:4)
  3 hobgoblins
  3 jackals (D:3)
  16 kobolds
  A quokka (D:2)
  8 bats
  A frilled lizard (D:1)
  4 rats
213 creatures vanquished.

Vanquished Creatures (collateral kills)
  2 yaks (D:8)
2 creatures vanquished.

Vanquished Creatures (others)
  A plant (D:4)
  5 withered plants
6 creatures vanquished.

Grand Total: 221 creatures vanquished

Notes
Turn   | Place    | Note
-------+----------+-------------------------------------------
     0 | D:1      | Brandom the Tengu Air Elementalist began the quest for the
                  | Orb.
     0 | D:1      | Reached XP level 1. HP: 10/10 MP: 4/4
   268 | D:1      | Reached XP level 2. HP: 16/16 MP: 4/6
   440 | D:1      | Reached skill level 1 in Fighting
  1027 | D:2      | Reached XP level 3. HP: 20/20 MP: 1/7
  1401 | D:2      | Reached XP level 4. HP: 26/26 MP: 5/8
  1563 | D:2      | Found a faded altar of an unknown god.
  1575 | D:2      | Became a worshipper of Fedhas Madash
  1575 | D:2      | Reached * piety under Fedhas
  2171 | D:3      | Learned a level 2 spell: Static Discharge
  3204 | D:3      | Learned a level 3 spell: Swiftness
  3267 | D:4      | Gained mutation: Your magical nature lets you fly swiftly
                  | and evasively. [Tengu growth]
  3267 | D:4      | Reached XP level 5. HP: 31/31 MP: 6/9
  3325 | D:4      | Reached ** piety under Fedhas
  3539 | D:4      | Reached skill level 5 in Air Magic
  3748 | D:4      | Found a basalt altar of Yredelemnul.
  4059 | D:4      | Reached XP level 6. HP: 37/37 MP: 7/11
  4092 | D:4      | Found a staircase to the Ecumenical Temple.
  4351 | D:4      | Noticed a sky beast
  4523 | D:4      | Reached skill level 1 in Invocations
  4695 | D:5      | Entered Level 5 of the Dungeon
  4699 | D:5      | Noticed an ice beast
  4732 | D:4      | Killed an ice beast
  5045 | D:4      | Reached XP level 7. HP: 9/42 MP: 1/12
  5284 | D:4      | Learned a level 4 spell: Airstrike
  5753 | D:5      | Noticed a wyvern
  5756 | D:5      | Killed a wyvern
  5757 | D:5      | Reached skill level 6 in Air Magic
  5757 | D:5      | Reached XP level 8. HP: 48/48 MP: 1/14
  6018 | D:5      | Reached *** piety under Fedhas
  6258 | D:5      | Reached skill level 5 in Fighting
  6476 | D:5      | Learned a level 3 spell: Conjure Flame
  6534 | D:6      | Found a shadowy altar of Dithmenos.
  6534 | D:6      | Found an ornate altar of the Wu Jian Council.
  6534 | D:6      | Found a sacrificial altar of Ru.
  6536 | D:6      | Found a radiant altar of Vehumet.
  6543 | D:6      | Reached skill level 5 in Conjurations
  6581 | D:6      | Found a glowing silver altar of Zin.
  6581 | D:6      | Found a shimmering altar of Xom.
  6582 | D:6      | Found a hide-covered altar of Uskayaw.
  6641 | D:6      | Noticed Blork the orc
  6655 | D:6      | Killed Blork the orc
  6666 | D:6      | Noticed a wyvern
  6688 | D:6      | Killed a wyvern
  6689 | D:6      | Reached skill level 1 in Fire Magic
  7308 | D:6      | Found a broken altar of Ashenzari.
  7527 | D:6      | Reached XP level 9. HP: 55/55 MP: 7/16
  7643 | D:6      | Reached skill level 5 in Dodging
  8099 | D:6      | Reached skill level 7 in Air Magic
  8722 | D:7      | Found a snail-covered altar of Cheibriados.
 10072 | D:8      | Reached **** piety under Fedhas
 10304 | D:8      | Learned a level 3 spell: Mephitic Cloud
 10468 | D:8      | Reached skill level 1 in Poison Magic
 10604 | D:8      | Reached skill level 5 in Spellcasting
 10604 | D:8      | Reached skill level 8 in Air Magic
 10604 | D:8      | Reached XP level 10. HP: 45/63 MP: 5/18
 12141 | D:8      | Learned a level 2 spell: Blink
 12757 | D:9      | Found a bloodstained altar of Trog.
 12991 | D:9      | Identified the -5 cloak of Vegationi {rC+ Will+ Int+3}
 13019 | D:9      | Identified the +10 falchion of Okawaru's Indignation
                  | {venom, rF+++ rN++ Str-4 Dex+3}
 13266 | D:9      | Found a white marble altar of Elyvilon.
 13685 | D:8      | Reached skill level 1 in Translocations
 13965 | D:9      | Found a hazy altar of Hepliaklqana.
 14004 | D:9      | Reached skill level 9 in Air Magic
 14004 | D:9      | Reached skill level 5 in Invocations
 14124 | D:9      | Found a staircase to the Orcish Mines.
 14232 | D:9      | Noticed a kobold demonologist
 14236 | D:9      | Noticed a rust devil
 14239 | D:9      | Killed a kobold demonologist
 14239 | D:9      | Reached ***** piety under Fedhas
 14240 | D:9      | Reached XP level 11. HP: 69/69 MP: 0/20
 14627 | Orc:1    | Entered Level 1 of the Orcish Mines
 14874 | Orc:1    | HP: 3/69 [orc warrior (11)]
 14874 | Orc:1    | Slain by an orc

Illustrated notes

Levels and vault maps discovered:
D:1:      dpeg_arrival_prison, layout_basic, grunt_decor_clamped
D:2:      layout_rooms, shapermc_ecumenical_altar_flowoftime
D:3:      layout_basic, interstate_on_off
D:4:      layout_loops_ring, yredelemnul_altar_generic,
          minmay_temple_entry_overgrown
D:5:      layout_rooms
D:6:      layout_loops_cross, lemuel_round_altar, grunt_temple_overflow_open,
          hangedman_abyss_or_decor_lesser_grid, nrook_campfire,
          uniq_blork_the_orc
D:7:      layout_basic, slow_altar_1
D:8:      layout_basic
D:9:      layout_cave_pools, elyvilon_altar_3, amcnicky_altar_gilded,
          general_overflow_altar, david_orc_4, nzn_life_drinkers
Orc:1:    layout_diamond_mine, mines1_david

Skill      XL: |  1  2  3  4  5  6  7  8  9 10 |
---------------+-------------------------------+-----
Fighting       | 1 2 3 4 5 7 8 |  8.7
Conjurations   | 2 3 4 5 6 8 |  8.2
Dodging        | 3 4 5 |  5.0
Air Magic      | 5 6 8 9 |  9.2
Invocations    | 1 2 3 4 5 |  5.1
Spellcasting   | 3 4 5 |  5.8
Fire Magic     | 1 3 4 |  4.6
Poison Magic   | 1 3 |  3.0
Translocations | 1 |  1.8
Stealth        | |  2.0

Action                   |  1- 3 |  4- 6 |  7- 9 | 10-12 || total
-------------------------+-------+-------+-------+-------++-------
Melee: Unarmed           |       |     4 |       |       ||     4
       Spear             |       |     7 |     5 |       ||    12
       Kick              |       |     1 |       |     5 ||     6
       Peck              |       |     1 |       |     3 ||     4
       Glaive            |       |       |       |    10 ||    10
       Falchion          |       |       |       |    12 ||    12
 Cast: Shock             |    60 |   115 |   165 |    71 ||   411
       Static Discharge  |       |    14 |    35 |    33 ||    82
       Swiftness         |       |     1 |     1 |       ||     2
       Airstrike         |       |       |    27 |    42 ||    69
       Conjure Flame     |       |       |     7 |     3 ||    10
       Mephitic Cloud    |       |       |     1 |     8 ||     9
Invok: Wall of Briars    |       |       |       |     3 ||     3
Evoke: Wand              |       |       |       |     1 ||     1
  Use: Scroll            |       |       |     8 |       ||     8
Armor: Robe              |     1 |     6 |     6 |       ||    13
       Leather armour    |       |       |     3 |    28 ||    31
Dodge: Dodged            |       |    51 |    65 |   100 ||   216
       Rpst.: Falchion   |       |       |       |     3 ||     3

Table legend: (Time is in decaauts)
 A = Elapsed time spent in this place.
 B = Non-inter-level travel time spent in this place.
 C = Inter-level travel time spent in this place.
 D = Time resting spent in this place.
 E = Time spent auto-exploring this place.
 F = Levels seen in this place.
 G = Mean time per level.
                   A        B        C        D        E       F      G
               +--------+--------+--------+--------+--------+-----+--------+
         Total |  14517 |  14011 |    506 |   5281 |   6994 |  10 | 1451.7 |
       Dungeon |  14506 |  14000 |    506 |   5281 |   6994 |   9 | 1611.8 |
  Orcish Mines |     10 |     10 |      0 |      0 |      0 |   1 |   10.0 |
               +--------+--------+--------+--------+--------+-----+--------+

Top non-repeatable levels by time:
     D:8: 3008 daAuts
     D:4: 2125 daAuts
     D:9: 1958 daAuts
     D:6: 1851 daAuts
     D:7: 1274 daAuts
     D:2: 1197 daAuts
     D:3: 1066 daAuts
     D:5: 1059 daAuts
     D:1: 965 daAuts
   Orc:1: 10 daAuts
